AoeStats
← Blandengue

Nomad

507375799Analyzed
4v4 RM · 14d ago on Sep 17, 2026· 16m 19s· 8 players
Game mode
Random Map
Map size
231×231
Population
200
Speed
Normal
Resources
Standard
Victory
Conquest
Starting age
Dark Age
Ending age
Imperial Age
RankedLock teamsTeams togetherTeam positionsShared explorationLock speedFull tech treeHidden civsTurbo modeCheats
Victory
Defeat
🇵🇪 Vietnamese · Peru
1365
+5
🇵🇪 Huns · Peru
1276
+7
🇦🇷 Romans · Argentina
1168
+10
🇵🇪 Franks · Peru
1133
+10
🇧🇷 Khmer · Brazil
1105
-10
🇧🇪 Huns · Belgium
1078
-9
🇲🇽 Koreans · Mexico
1003
-7
🇦🇷 Cumans · Argentina
982
-6
Tangafair
5:14 Loom
13:27 Feudal Age
14:12 Double-Bit Axe
15:40 Town Watch
joaopessoense
Dearboy
Barbeituss
alexfca0828
Oki Doki
Blandengue
3:55 Loom
15:23 Feudal Age
15:58 Town Watch
tomicoro7367
5:22 Loom
15:33 Feudal Age
Connection lost

Rejoining the realm…

Still unreachable

The connection could not be restored.

Session expired

The server has moved on; the page needs a fresh start.